← All builds
Geo / Armada / Economy first / OBSERVED BUILD

Sharpshooter snipers

Geo pushes to an Advanced Bot Lab and fields Sharpshooter snipers from 8:17 with Smuggler and Welder support, but units mostly fight defensively on the team's own side rather than advancing.

#t2 · 16 distinct matches · 11 players · 1% of Armada Geo games · team won 38% of 16 · Recently observed

THE CATCH, AND WHAT COMES WITH IT
  • SharpshooterT2 bot snipers from 8:17 · 3% of role by thenFrom the Advanced Bot Lab. Only 3% of Geo games have it by then; others who build it get it around 9:11
  • Advanced Bot LabAdvanced Bot Lab in 100%7% of all Geo games by then
  • SmugglerJammer bot in 81%2% of all Geo games by then
  • WelderWelder in 50%3% of all Geo games by then
  • SharpshooterSniper bot in 44%1% of all Geo games by then

Where those units first fight, in 16 games with kill data: in the middle 69%, on their own side 31%.

Those units destroy a typical 3,708 metal of enemy units by 15:00.

Then transitions into Welder (16% of army), blitz (10% of army).

HOW TO PLAY IT

Key timing: Advanced Bot Lab by 7:19

  1. Open mex and wind, get Bot Lab and geothermal up fast.
  2. Rush Advanced Bot Lab well ahead of the usual T2 vehicle timing.
  3. Push Sharpshooter sniper bots to snipe at the middle.
  4. Add jammer bot support alongside the sniper push.
  5. Transition into Welder T2 bot riot for the standard follow-up.

Phase by phase

TYPICAL OF ITS 16 GAMES · AGAINST STANDARD GEO
  1. 1
  2. 2
  3. 3
  4. 4
  5. 5
PLAY THE OPENING

Follow the example game's first 9:18 step by step: what to build now, what comes next, and where it goes. At 1× it keeps pace with your own game.

  1. 1

    Up to the Bot Lab

    Economy
    • Metal Extractor3Mex
    • Wind Turbine4Wind
    Order
    1. Bot LabBot Lab after 3 mex, 4 winddone ~1:08, middle half 0:54–1:20

    By 0:52 in all: 3 mex · 4 wind

    The example game in this phase · 3 steps
    1. Mex ×2
    2. Wind ×3
    3. Bot LabBot Labdone 0:51 · typical 1:08
  2. 2

    Bot Lab to 5:00

    Economy
    • Metal Extractor2Mex
    • Wind Turbine5Wind+2 vs standard
    • Energy Converter7Converter
    • Energy Storage1Energy storage
    Order
    1. Geothermal PowerplantGeo after 4 mex, 7 wind, 1 energy storage
    Builders
    • Construction Turret4 Con turret
    • Lazarus4 Lazarus
    • Construction Bot2 Con bot
    • Construction Bot1 Con bot for allies
    • Lazarus1 Lazarus for allies

    By 5:00 in all: 4 mex · 7 wind · 1 geo · 7 converter · 1 energy storage · 4 con turret

    The example game in this phase · 18 steps
    1. Wind
    2. LazarusLazarus ×2
    3. Wind ×2
    4. LazarusLazarus
    5. Construction BotCon bot
    6. Wind
    7. Construction BotCon bot
    8. LazarusLazarusfor Beach sea
    9. Mex
    10. LazarusLazarus ×2
    11. Mex
    12. Construction BotCon botfor Beach sea
    13. Energy storage
    14. Geothermal PowerplantGeodone 3:01 · typical 3:24
    15. Con turret ×3
    16. Converter ×5
    17. SharpshooterSniper botdone 5:30 · typical 8:27
    18. Converter
  3. 3

    5:00 to Advanced Bot Lab

    Order
    1. Advanced Geothermal PowerplantAdvanced Geothermal Powerplant after 7 wind, 12 converter, 7 con turretin 50% of games
    2. Advanced Bot LabAdvanced Bot Lab after 9 wind, 10 converter, 7 con turretdone ~7:45, middle half 5:25–8:50

    Some games also: con turret (50%) · Advanced Geothermal Powerplant (50%) · converter (44%) · wind (38%) · energy storage (31%)

    By 6:41 in all: 4 mex · 9 wind · 1 geo · 10 converter · 1 energy storage · 7 con turret

    The example game in this phase · 1 step
    1. Advanced Bot LabAdvanced Bot Labdone 4:31 · typical 7:45
  4. 4

    Advanced Bot Lab to T2 bot snipers

    Order
    1. SharpshooterT2 bot snipers after 12 wind, 10 converter, 7 con turretdone ~8:27, middle half 7:44–9:14

    By 8:14 in all: 4 mex · 12 wind · 1 geo · 1 Advanced Geothermal Powerplant · 10 converter · 1 energy storage

    The example game in this phase · 1 step
    1. SharpshooterSniper botdone 4:56
  5. 5

    T2 bot snipers to 10:00

    Army
    • Sharpshooter2 Sniper bot +2 vs standard

    Some games also: T2 con bot for allies (44%) · wind (44%) · jammer bot (44%) · radar bot (38%) · Welder (31%)

    The standard build makes here, this one skips: 4 wind

    By 10:00 in all: 4 mex · 24 wind · 1 geo · 1 Advanced Geothermal Powerplant · 10 converter (standard 16) · 2 energy storage

    The example game in this phase · 167 steps
    1. SmugglerJammer bot
    2. Converter
    3. Advanced Construction BotT2 con bot
    4. Converter
    5. Advanced Construction BotT2 con botfor Suicide front
    6. Advanced Construction BotT2 con bot
    7. CompassRadar bot
    8. Advanced Construction BotT2 con botfor Air
    9. HoundHound ×2for Front
    10. Advanced Metal ExtractorT2 mexdone 7:12 · typical 5:44
    11. HoundHound ×5for Front
    12. Advanced Metal ExtractorT2 mex
    13. HoundHoundfor Front
    14. Advanced Metal ExtractorT2 mex
    15. HoundHound ×2for Front
    16. Advanced Metal ExtractorT2 mex
    17. HoundHound ×2for Front
    18. BeamerBeamer
    19. HoundHoundfor Front
    20. Bot LabBot Labdone 8:37
    21. HoundHoundfor Front
    22. Advanced Metal ExtractorT2 mex
    23. LazarusLazarusfor Suicide front
    24. HoundHound
    25. LazarusLazarusfor Suicide front
    26. BeamerBeamer
    27. WelderWelder
    28. LazarusLazarusfor Suicide front
    29. WelderWelder
    30. Advanced Metal ExtractorT2 mex
    31. LazarusLazarusfor Suicide front
    32. WelderWelder
    33. Construction BotCon bot
    34. LazarusLazarusfor Suicide front
    35. WelderWelder
    36. Wind
    37. Construction BotCon bot
    38. Construction BotCon bot
    39. Wind
    40. WelderWelder
    41. Construction BotCon bot
    42. Wind
    43. CenturionCenturion
    44. Mex
    45. Wind
    46. Advanced Construction BotT2 con bot
    47. Construction BotCon bot
    48. Wind
    49. Twin GuardTwin Guard
    50. Windfor Suicide front
    51. Construction BotCon bot
    52. Mex
    53. Wind ×2
    54. Energy storage
    55. Windfor Suicide front
    56. Construction BotCon bot
    57. WelderWelder
    58. Wind
    59. Construction BotCon bot
    60. CenturionCenturion
    61. Con turret
    62. Windfor Suicide front
    63. Mex
    64. Wind
    65. ButlerButler
    66. Con turret
    67. CenturionCenturion
    68. Wind
    69. Construction BotCon bot
    70. Windfor Suicide front
    71. Advanced Metal ExtractorT2 mex
    72. ButlerButler
    73. Wind
    74. Construction BotCon bot
    75. Windfor Suicide front
    76. Advanced Construction BotT2 con bot
    77. Construction BotCon bot
    78. Wind
    79. Con turret
    80. TigerTigerdone 10:47
    81. Windfor Suicide front
    82. Con turret
    83. Wind
    84. Construction BotCon bot
    85. ButlerButler
    86. Con turret
    87. Windfor Suicide front
    88. Construction BotCon bot
    89. Con turret
    90. Wind ×2
    91. ButlerButler
    92. Mex
    93. Advanced Construction BotT2 con botfor Geo sea
    94. Windfor Suicide front
    95. Construction BotCon bot
    96. Wind
    97. Advanced Geothermal PowerplantAdvanced Geothermal Powerplantdone 11:44 · typical 8:10
    98. Advanced Construction BotT2 con bot
    99. Windfor Suicide front
    100. Wind ×5
    101. Mex
    102. ButlerButler
    103. Wind
    104. ButlerButler
    105. Wind ×4
    106. ButlerButler
    107. Wind ×3
    108. SharpshooterSniper bot
    109. Wind ×5
    110. Fusion ReactorFusionnot finished by 15:00
    111. Wind ×2
    112. Advanced Metal ExtractorT2 mex
    113. SharpshooterSniper bot
    114. Advanced Metal ExtractorT2 mex
    115. Cortex CommanderCortex Commanderfor Suicide front
    116. Wind ×3
    117. Aircraft PlantAircraft Plantdone 12:30
    118. Wind
    119. SharpshooterSniper bot
    120. Wind ×2
    121. FalconFighter
    122. Wind ×4
    123. Advanced Metal ExtractorT2 mex
    124. SharpshooterSniper bot
    125. Wind ×3
    126. FalconFighter
    127. Wind ×5
    128. Experimental GantryExperimental Gantrynot finished by 15:00
    129. Wind ×3
    130. Con turret
    131. SharpshooterSniper bot
    132. Wind ×3
    133. FalconFighter
    134. Wind ×4
    135. FalconFighter
    136. Wind ×2
    137. Con turret
    138. Wind
    139. Con turret
    140. FalconFighter
    141. Wind ×4
    142. Con turret
    143. Wind
    144. FalconFighter
    145. Advanced Metal ExtractorT2 mex
    146. Wind
    147. Con turret
    148. Wind
    149. FalconFighter
    150. Wind ×4
    151. FalconFighter
    152. Wind ×4
    153. Advanced Metal ExtractorT2 mex
    154. Wind ×2
    155. FalconFighter
    156. Wind ×3
    157. FalconFighter
    158. Wind ×2
    159. Advanced Metal ExtractorT2 mex
    160. Wind ×2
    161. Advanced Metal ExtractorT2 mex
    162. Wind
    163. ChainsawChainsaw
    164. FalconFighter
    165. Wind ×7
    166. FalconFighter
    167. Wind

Counts are medians over the build's games: half of them build more, half fewer. The example game is Immort's (52 OS, 31/08/2026); pick another.

Team trades

IN AT LEAST 30% OF ITS GAMES

You hand over

  • Lazarus1 Lazarus to Beach sea or Suicide frontfirst at 2:14 · in 69% of games
  • Construction Bot1 Con bot to Beach sea or Airfirst at 2:21 · in 88% of games
  • Advanced Construction Bot2 T2 con bot to Suicide front or Front or Airfirst at 8:02 · in 69% of games

You get

  • Hercules1 Light transport from Airfirst at 3:56 · in 44% of games
  • Advanced Construction Bot1 T2 con bot from Techfirst at 4:56 · in 69% of games

How it plays out

Typical game of this build against the role’s standard build, running totals by minute

  • This build
  • Standard geo

Metal produced

020k40k
0:005:0010:0015:00

metal

Enemy metal destroyed

05k10k15k
0:005:0010:0015:00

metal

Own metal lost

02.5k5k7.5k
0:005:0010:0015:00

metal

16 games.

Show as table
ByMetal produced: This buildMetal produced: Standard geoEnemy metal destroyed: This buildEnemy metal destroyed: Standard geoOwn metal lost: This buildOwn metal lost: Standard geo
1:003503330000
2:008438250000
3:00149915230000
4:00270227000000
5:00383337260000
6:00558057290000
7:0075288130320690
8:0098271145932017621
9:00131701448914751245130
10:001621617405908565320280
11:001944220377201120741470790
12:0021522233053344394018711940
13:0024930260624689596130053304
14:0027816289884885832138224785
15:00314443149764801017250146196
WHAT THE NUMBERS SAY

This sniper rush for Geo won less often than the standard build and destroyed less enemy metal by 15:00 despite matching production.

  • + Metal produced by 10:00 was 16366 vs 17376, nearly matching the standard.
  • + Own metal lost by 10:00 was 283 vs 334, slightly safer than normal.
  • − Team won only 35% of games vs 53% for the standard build.
  • − Enemy metal destroyed by 15:00 was 6983 vs 9875, well below the norm.
THE EXAMPLE YOU ARE READING

Immort

52.0 OS · 31/08/2026

Open source match ↗

14 received units · includes a constructor
5519 metal received · 335623 energy received

Allied construction assistance is unknown. Timings are observations, not a promise of solo reproducibility.

Typical milestones

Bot Lab1:08Middle 50%: 0:54–1:20 · n=16
Geothermal Powerplant3:24Middle 50%: 3:10–3:52 · n=14
Advanced Metal Extractor5:44Middle 50%: 5:25–6:04 · n=16
Advanced Bot Lab7:45Middle 50%: 5:25–8:50 · n=16
Advanced Geothermal Powerplant8:10Middle 50%: 7:10–8:30 · n=11
Sharpshooter8:27Middle 50%: 7:44–9:14 · n=16

Played most by

Immort4games of this buildhaaven3games of this build_X_1game of this buildGeeGee1game of this buildKcorp1game of this build